 Dungeon Crawl Stone Soup version 0.29.1-2-gbd0b4ee654 (webtiles) character file.

Game seed: 14727920089893196145

126064 GeoRichter the Fighter (level 16, -2/133 HPs)
             Began as a Demonspawn Ice Elementalist on Nov 3, 2022.
             Was an Initiate of Gozag.
             Succumbed to a redback's poison
             ... on level 2 of the Lair of Beasts on Nov 4, 2022.
             The game lasted 01:31:10 (32200 turns).

GeoRichter the Fighter (DsIE)                      Turns: 32200, Time: 01:31:10

Health: -2/133     AC: 39    Str: 13    XL:     16   Next: 43%
Magic:  36/39      EV: 19    Int: 27    God:    Gozag
Gold:   947        SH: 16    Dex: 26    Spells: 25/36 levels left

rFire   + + .      SeeInvis +   b - +5 trident (elec)
rCold   . . .      Faith    .   c - +0 buckler
rNeg    . . .      Spirit   .   L - +13 fire dragon scales of the Lily {rF++ rC- rCorr Str+3 Dex+4}
rPois   .          Reflect  +   (helmet unavailable)
rElec   +          Harm     .   Y - +1 cloak {rCorr}
rCorr   +          Rampage  .   I - +2 pair of gloves {Dex+3}
Will    ++...                   w - -1 pair of boots "Fete" {rC+ Dex+3}
Stlth   +.........              e - amulet of reflection
HPRegen 0.32/turn               Z - ring of Vanity {rElec MP+9 Int+6}
MPRegen 0.26/turn               R - ring of willpower

@: brilliant, lethally poisoned (-2 -> -18), ice-armoured, gold aura, freezing
walls, hasted, repel missiles, very quick
A: antennae 3, repulsion field 3, foul stench 2, icemail 1, condensation shield
a: Renounce Religion, Potion Petition, Call Merchant, Bribe Branch


You were on level 2 of the Lair of Beasts.
You worshipped Gozag.
Gozag was pleased with you.
You visited 5 branches of the dungeon, and saw 24 of its levels.
You also visited: Bailey, Gauntlet and Ice Cave.

You collected 9612 gold pieces.
You spent 2363 gold pieces at shops.
You paid 6302 gold pieces to Gozag.

Inventory:

Hand Weapons
 a - the +10 dagger "Delua" {freeze, rElec Will++ Int-4 SInv}
   (You found it on level 3 of the Dungeon)

   It freezes those it strikes, dealing additional cold damage.
   It can also slow down cold-blooded creatures.
   Int:       It affects your intelligence (-4).
   rElec:     It insulates you from electricity.
   SInv:      It lets you see invisible.
   Will:      It greatly increases your willpower.
 b - a +5 trident of electrocution (weapon)
   (You took it off a gnoll sergeant on level 3 of the Dungeon)
Armour
 c - a +0 buckler (worn)
   (You found it on level 3 of the Dungeon)
 q - a +1 kite shield
   (You took it off a gnoll sergeant on level 3 of the Dungeon)
 w - the -1 pair of boots "Fete" (worn) {rC+ Dex+3}
   (You found it in a bailey)

   Dex:       It affects your dexterity (+3).
   rC:        It protects you from cold.
 I - a +2 pair of gloves of dexterity (worn)
   (You found it in a bailey)
 L - the +13 fire dragon scales of the Lily (worn) {rF++ rC- rCorr Str+3 Dex+4}
   (You bought it in a shop on level 9 of the Dungeon)

   Str:       It affects your strength (+3).
   Dex:       It affects your dexterity (+4).
   rF:        It greatly protects you from fire.
   rC:        It makes you vulnerable to cold.
   rCorr:     It protects you from acid and corrosion.
 Y - a +1 cloak of preservation (worn)
   (You found it in a Gauntlet)
Jewellery
 e - an amulet of reflection (around neck)
   (You found it on level 1 of the Dungeon)
 F - a ring of positive energy
   (You found it on level 1 of the Lair of Beasts)
 J - the ring "Acsar" {Fly rN+ Str-5 Int+6 Dex+4}
   (You found it in a bailey)

   [ring of intelligence]

   Str:       It affects your strength (-5).
   Int:       It affects your intelligence (+6).
   Dex:       It affects your dexterity (+4).
   rN:        It protects you from negative energy.
   Fly:       It grants you flight.
 P - a ring of ice
   (You found it in an ice cave)
 R - a ring of willpower (right hand)
   (You bought it in a shop on level 4 of the Lair of Beasts)
 U - a ring of protection from fire
   (You found it on level 11 of the Dungeon)
 V - a +6 ring of strength
   (You found it on level 11 of the Dungeon)
 Z - the ring of Vanity (left hand) {rElec MP+9 Int+6}
   (You took it off a minotaur in a Gauntlet)

   [ring of intelligence]

   Int:       It affects your intelligence (+6).
   rElec:     It insulates you from electricity.
   MP:        It affects your magic capacity (+9).
Wands
 k - a wand of flame (6)
   (You found it on level 13 of the Dungeon)
 o - a wand of digging (16)
   (You found it on level 9 of the Dungeon)
 u - a wand of roots (9)
   (You found it on level 11 of the Dungeon)
 A - a wand of charming (26)
   (You took it off an orc on level 5 of the Dungeon)
 M - a wand of polymorph (8)
   (You found it on level 9 of the Dungeon)
 Q - a wand of mindburst (7)
   (You found it on level 10 of the Dungeon)
 W - a wand of quicksilver (6)
   (You took it off a kobold brigand on level 11 of the Dungeon)
Scrolls
 g - a scroll of silence
 h - 10 scrolls of teleportation {@r4}
 i - 3 scrolls of fog
 t - 7 scrolls of fear
 y - a scroll of magic mapping
 B - a scroll of brand weapon
 D - 2 scrolls of enchant armour
 K - a scroll of blinking
 O - 5 scrolls of identify {@r1}
Potions
 d - a potion of cancellation
 f - 10 potions of curing {@q1}
 l - 7 potions of flight
 m - 3 potions of haste {@q3}
 n - 6 potions of heal wounds {@q2}
 s - 4 potions of magic
 x - 4 potions of brilliance
 z - a potion of berserk rage
 E - 4 potions of invisibility
 H - 3 potions of mutation {!q}
 N - 3 potions of attraction {!q}
 T - 4 potions of ambrosia
Miscellaneous
 v - a condenser vane
   (You found it in a Gauntlet)
 G - a box of beasts
   (You found it in a Gauntlet)


   Skills:
 - Level 14.2 Fighting
 + Level 10.6 Armour
 - Level 9.5 Dodging
 - Level 1.7 Stealth
 - Level 5.2 Shields
 - Level 10.9 Spellcasting
 * Level 5.7 Hexes
 * Level 6.5 Necromancy
 - Level 9.2 Ice Magic
 - Level 12.6 Earth Magic


You had 25 spell levels left.
You knew the following spells:

 Your Spells              Type           Power      Damage    Failure   Level
a - Lee's Rapid Deconstr  Erth           45%        3d23*     3%          5
b - Frozen Ramparts       Ice            100%       1d16      1%          3
c - Ozocubu's Armour      Ice            77%        N/A       1%          3

Your spell library contained the following spells:

 Spells                   Type           Power      Damage    Failure   Level
 Freeze                   Ice            100%       1d11      1%          1
 Sandblast                Erth           100%       2d20      1%          1
 Slow                     Hex            100%       N/A       1%          1
 Passwall                 Tmut/Erth      54%        N/A       2%          2
 Stone Arrow              Conj/Erth      100%       3d13      4%          3
 Animate Armour           Summ/Erth      100%       N/A       17%         4
 Dazzling Flash           Conj/Hex       90%        N/A       21%         3
 Apportation              Tloc           44%        N/A       22%         1
 Magic Dart               Conj           88%        1d7       22%         1
 Sting                    Tmut/Pois      88%        1d7       22%         1
 Hailstorm                Conj/Ice       56%        3d12      32%         4
 Ice Form                 Ice/Tmut       56%        N/A       32%         4
 Summon Ice Beast         Ice/Summ       56%        N/A       32%         4
 Poisonous Vapours        Pois/Air       44%        N/A       34%         2
 Scorch                   Fire           44%        2d7       34%         2
 Searing Ray              Conj           44%        2d6       34%         2
 Conjure Flame            Conj/Fire      22%        6-21      56%         3
 Gell's Gravitas          Tloc           22%        N/A       56%         3
 Ignite Poison            Fire/Tmut/Pois 22%        N/A       56%         3
 Lesser Beckoning         Tloc           22%        N/A       56%         3
 Teleport Other           Tloc           22%        N/A       56%         3
 Fulminant Prism          Conj/Hex       22%        3d13      56%         4
 Summon Mana Viper        Hex/Summ       45%        N/A       88%         5
 Yara's Violent Unravell  Hex/Tmut       22%        3d10      88%         5
 Flame Wave               Conj/Fire      22%        2d8       92%         4
 Iskenderun's Mystic Bla  Conj/Tloc      22%        2d6       92%         4
 Olgreb's Toxic Radiance  Pois           22%        N/A       92%         4
 Sticky Flame             Conj/Fire      22%        2d4       92%         4
 Iron Shot                Conj/Erth      32%        9d7       95%         6
 Alistair's Intoxication  Tmut/Pois      14%        N/A       99%         5
 Blade Hands              Tmut           11%        N/A       99%         5
 Manifold Assault         Tloc           22%        N/A       99%         5
 Summon Forest            Summ/Tloc      11%        N/A       99%         5
 Dispersal                Tloc           11%        N/A       100%        6
 Starburst                Conj/Fire      11%        6d5       100%        6
 Summon Cactus Giant      Summ           11%        N/A       100%        6
 Haunt                    Necr/Summ      24%        N/A       100%        7
 Orb of Destruction       Conj           11%        9d6       100%        7


Dungeon Overview and Level Annotations

Branches:
Dungeon (15/15) Zot: 25338  Temple (1/1) D:4 Zot: 5955    Lair (5/5) D:9 Zot: 22792
 Shoals (0/4) Lair:3       Spider (1/4) Lair:2 Zot: 5988   Slime (0/5) Lair:4
    Orc (2/2) D:9 Zot: 8872     Elf (0/3) Orc:2        Vaults (0/5) D:13
 Depths (0/4) D:15         Bailey (visited)           IceCv (visited)
Gauntlet (visited)

Altars:
Ashenzari
Cheibriados
Dithmenos
Fedhas
Gozag
Hepliaklqana
Kikubaaqudgha
Makhleb
Nemelex Xobeh
Okawaru
Qazlal
Ru
Sif Muna
Trog
Uskayaw
Vehumet
Wu Jian
Xom
Yredelemnul
Jiyva

Shops:
D:9 =[(   D:12 :   Orc:2 *[*[   Lair:4 *

Annotations:
D:3 2 runed translucent doors, kwasso's ghost, amateur FoHu
D:12 2 transporters, Neel Ube's ghost, journeyman FoFi
D:13 3 runed translucent doors, auqlue's ghost, journeyman MiBe
D:14 3 runed translucent doors, lis82's ghost, journeyman DgHW
Lair:5 exclusion: obsidian statue


Innate Abilities, Weirdness & Mutations

You have a pair of large antennae on your head. (SInv)
You are surrounded by a strong repulsion field. (EV +4, RMsl)
You sometimes emit foul miasma when damaged in melee.
A meltable icy envelope protects you from harm. (AC +4)
A meltable shield of frost defends you. (SH +4)


Message History

You feel clever all of a sudden.
You feel much better.
* * * LOW HITPOINT WARNING * * *
You feel extremely sick.
The redback is engulfed in dark miasma.
The redback is poisoned.
The wall freezes the redback.
You kill the redback!
The wall freezes the jumping spider.
The wall freezes the wolf spider!
The wolf spider hits you but does no damage.
You block the wolf spider's attack.
The wall freezes the steelbarb worm.
You hit the wolf spider.
* * * LOW HITPOINT WARNING * * *
You feel extremely sick.
The wall freezes the wolf spider but does no damage.
The wolf spider hits you!
* * * LOW HITPOINT WARNING * * *
The wolf spider misses you.
The wall freezes the steelbarb worm but does no damage.
The wall freezes the jumping spider.
The wall freezes the wolf spider.
The wolf spider hits you but does no damage.
You block the wolf spider's attack.
You hit the wolf spider.
* * * LOW HITPOINT WARNING * * *
You feel extremely sick.
The wall freezes the steelbarb worm but does no damage.
The wall freezes the wolf spider.
The wolf spider closely misses you. You block the wolf spider's attack.
You barely miss the wolf spider.
* * * LOW HITPOINT WARNING * * *
You feel extremely sick.
The wall freezes the steelbarb worm!
The wall freezes the wolf spider!
The wolf spider barely misses you. You block the wolf spider's attack.
The wall freezes the jumping spider.
You barely miss the wolf spider.
* * * LOW HITPOINT WARNING * * *
You feel very sick.
The wall freezes the wolf spider.
You block the wolf spider's attack.
The wolf spider bites you but does no damage.
The wall freezes the steelbarb worm but does no damage.
The wall freezes the jumping spider.
The wall freezes the wolf spider!
You kill the wolf spider!
The wall freezes the steelbarb worm but does no damage.
You puncture the steelbarb worm!
* * * LOW HITPOINT WARNING * * *
You feel very sick.
The wall freezes the steelbarb worm but does no damage.
You block the steelbarb worm's attack.
You hit the steelbarb worm.
You die...
Your body crumbles into a pile of gold.

#..###....###.....# #..#
##...###....##
##..####...##....#..
#...##..............
#...................
#####..................
#............####....#.
#.......##....##....##.
#...##@###...###P......
###....#°w.#...# ##...P..
#P...##s..##...# #.....#.
#.......>......# ##...##.
##...#....#....###.......
#.......#.#...........[.
#..####.#.#.............
#...##....#.......####P#
#.[............#### ###


You could see a steelbarb worm and a jumping spider.

Vanquished Creatures
  Rupert (D:15)
  4 dire elephants (Lair:5)
  An entropy weaver (Lair:2)
  A minotaur (Gauntlet)
  A blizzard demon (Gauntlet)
  2 ettins (Orc:1)
  7 hydras
  A vault guard (D:13)
  3 boulder beetles
  2 ogre magi
  2 ironbound frosthearts (IceCv)
  23 death yaks
  11 two-headed ogres
  Erica (D:9)
  4 centaur warriors (D:15)
  A tengu warrior (D:15)
  The ghost of Henri the Unseen, a journeyman VSEn of Wu Jian (D:11)
  2 spectral death yaks (Lair:5)
  An orc high priest (Orc:1)
  A soul eater (Gauntlet)
  Nergalle (D:10)
  A pharaoh ant (Spider:1)
  3 skeletal warriors (D:15)
  Amaemon (D:9)
  A spectral anaconda (Lair:5)
  2 deep trolls (Orc:1)
  A bog body (D:13)
  A steelbarb worm (Lair:2)
  Pikel (D:9)
  A glowing orange brain (D:15)
  An oklob plant (Lair:3)
  5 wolf spiders
  2 deep elf pyromancers
  4 necromancers (Lair:5)
  3 orc knights
  4 cyclopes
  12 ugly things
  3 orc sorcerers
  9 manticores
  4 black mambas
  Maurice (D:8)
  A torpor snail (Lair:5)
  A black mamba (shapeshifter) (D:11)
  13 elephants
  2 unseen horrors
  An orange demon (D:9)
  A gargoyle (Bailey)
  An ice statue (IceCv)
  Psyche (D:8)
  2 freezing wraiths (D:14)
  7 rime drakes
  A minotaur zombie (Gauntlet)
  4 kobold demonologists
  10 cane toads
  An efreet (D:13)
  8 komodo dragons
  2 ice devils
  A queen bee (Gauntlet)
  13 polar bears
  21 trolls
  10 slime creatures
  3 tarantellas
  A hornet (D:11)
  A snapping turtle (Lair:3)
  11 blink frogs
  A spectral elephant (Lair:5)
  2 vampires
  A culicivora (Spider:1)
  3 jumping spiders (Lair:2)
  2 shadows
  6 wraiths
  A fire bat (shapeshifter) (D:15)
  A dire elephant simulacrum (Lair:5)
  4 wyverns
  60 yaks
  3 water elementals (D:14)
  7 basilisks
  7 vampire mosquitoes
  A death yak simulacrum (D:13)
  A redback (shapeshifter) (D:14)
  2 redbacks (Lair:2)
  2 spectral cane toads (Lair:5)
  5 wargs
  12 water moccasins
  A sky beast (D:6)
  4 acid dragons
  15 orc warriors
  An ice beast (D:5)
  A black bear (D:6)
  31 ogres
  3 elephant skeletons (Lair:5)
  2 elephant zombies (Lair:5)
  24 wolves
  6 centaurs
  2 phantoms
  A lemure (D:9)
  9 kobold brigands
  A necrophage (D:4)
  8 bullfrogs
  2 gnoll sergeants
  3 scorpions (Lair:2)
  3 cane toad simulacra
  A hornet simulacrum (D:15)
  11 killer bees
  9 electric eels
  9 howler monkeys
  7 vampire bats (Bailey)
  7 wolf zombies (Bailey)
  3 jellies
  3 gnoll boudas
  4 hounds
  12 orc priests
  7 hell rats (Lair:3)
  2 iguanas
  12 orc wizards
  A boggart simulacrum (D:14)
  4 adders
  27 gnolls
  2 shadow imps (Gauntlet)
  13 white imps
  2 ufetubi
  5 worms
  4 dart slugs (D:2)
  93 orcs
  11 bats
  3 endoplasms
  4 giant cockroaches
  14 goblins
  7 hobgoblins
  15 jackals
  3 quokkas
  10 ball pythons
  4 frilled lizards
  11 kobolds
  17 orc zombies (Bailey)
  11 rats
  A fire vortex (D:15)
835 creatures vanquished.

Vanquished Creatures (others)
  2 deep elf pyromancers
  A tengu conjurer (D:13)
  A water elemental (D:14)
  An orc (Orc:2)
  26 fungi
  26 plants
  44 withered plants
101 creatures vanquished.

Grand Total: 936 creatures vanquished

Notes
Turn   | Place    | Note
-------+----------+-------------------------------------------
     0 | D:1      | GeoRichter the Demonspawn Ice Elementalist began the quest
                  | for the Orb.
     0 | D:1      | Reached XP level 1. HP: 13/13 MP: 3/3
   349 | D:1      | Gained mutation: You are surrounded by a mild repulsion
                  | field. (EV +2) [demonic ancestry]
   349 | D:1      | Reached XP level 2. HP: 19/19 MP: 5/5
   820 | D:1      | Found a faded altar of an unknown god.
   951 | D:1      | Reached XP level 3. HP: 24/24 MP: 2/6
  1366 | D:2      | Found a bloodstained altar of Trog.
  1482 | D:2      | Learned a level 3 spell: Frozen Ramparts
  1497 | D:2      | Learned a level 3 spell: Ozocubu's Armour
  1517 | D:2      | Gained mutation: You are surrounded by a moderate repulsion
                  | field. (EV +3) [demonic ancestry]
  1517 | D:2      | Reached XP level 4. HP: 17/30 MP: 3/8
  2172 | D:2      | Reached skill level 5 in Ice Magic
  2643 | D:3      | Found a large runed translucent door.
  2644 | D:3      | Found a large runed translucent door.
  2691 | D:3      | Gained mutation: A meltable shield of frost defends you.
                  | (SH +4) [demonic ancestry]
  2691 | D:3      | Reached XP level 5. HP: 28/35 MP: 1/9
  3341 | D:3      | Gained mutation: You have a pair of small antennae on your
                  | head. [demonic ancestry]
  3341 | D:3      | Reached XP level 6. HP: 14/41 MP: 0/11
  4484 | D:3      | Gained mutation: You may rarely emit foul miasma when
                  | damaged in melee. [demonic ancestry]
  4484 | D:3      | Reached XP level 7. HP: 46/46 MP: 10/13
  4520 | D:3      | Identified the +10 dagger "Delua" {freeze, rElec Will++
                  | Int-4 SInv}
  4564 | D:3      | Noticed kwasso's ghost (amateur FoHu)
  4592 | D:4      | Identified the +1 robe "Qyblaur" {*Corrode Regen+ Str+7
                  | SInv}
  4646 | D:4      | Found a staircase to the Ecumenical Temple.
  4656 | Temple   | Entered the Ecumenical Temple
  4676 | Temple   | Became a worshipper of Gozag Ym Sagoz the Greedy
  4937 | D:4      | Identified the +8 hand axe "Akerphaidgh" {flame, rElec}
  5688 | D:5      | Entered Level 5 of the Dungeon
  5845 | D:5      | Reached skill level 5 in Spellcasting
  5939 | D:5      | Gained mutation: You have a pair of antennae on your head.
                  | [demonic ancestry]
  5939 | D:5      | Reached XP level 8. HP: 52/52 MP: 12/15
  6504 | D:6      | Found a shimmering blue altar of Sif Muna.
  6512 | D:6      | Found a radiant altar of Vehumet.
  7580 | D:7      | Noticed a troll
  7589 | D:7      | Killed a troll
  7716 | D:7      | Found a stormy altar of Qazlal.
  7990 | D:7      | Reached skill level 1 in Fighting
  7992 | D:7      | Reached skill level 1 in Shields
  8817 | D:8      | Noticed Maurice
  8831 | D:8      | Killed Maurice
  8832 | D:8      | Reached skill level 2 in Fighting
  8832 | D:8      | Reached skill level 1 in Armour
  8832 | D:8      | Reached XP level 9. HP: 61/61 MP: 7/18
  9042 | D:8      | Reached skill level 3 in Fighting
  9194 | D:8      | Found a flagged portal.
  9305 | Bailey   | Entered a bailey
  9607 | Bailey   | Reached skill level 4 in Fighting
  9736 | Bailey   | Noticed a gargoyle
  9751 | Bailey   | Killed a gargoyle
  9905 | Bailey   | Identified the -1 pair of boots "Fete" {rC+ Dex+3}
  9947 | Bailey   | Identified the ring "Acsar" {Fly rN+ Str-5 Int+6 Dex+4}
 10194 | D:8      | Noticed Psyche
 10201 | D:8      | Killed Psyche
 10202 | D:8      | Reached skill level 5 in Fighting
 10202 | D:8      | Gained mutation: You are surrounded by a strong repulsion
                  | field. (EV +4, RMsl) [demonic ancestry]
 10202 | D:8      | Reached XP level 10. HP: 74/74 MP: 13/19
 10399 | D:9      | Found a staircase to the Orcish Mines.
 10408 | D:9      | Reached skill level 5 in Shields
 10424 | D:9      | Reached skill level 6 in Fighting
 10505 | D:9      | Found a staircase to the Lair.
 10523 | D:9      | Noticed a two-headed ogre
 10532 | D:9      | Killed a two-headed ogre
 10751 | D:9      | Reached skill level 7 in Fighting
 10920 | D:9      | Noticed Pikel
 10931 | D:9      | Killed Pikel
 10932 | D:9      | Reached skill level 5 in Dodging
 11002 | D:9      | Noticed Erica
 11012 | D:9      | Killed Erica
 11089 | D:9      | Reached skill level 8 in Fighting
 11092 | D:9      | Reached skill level 5 in Armour
 11094 | D:9      | Gained mutation: You sometimes emit foul miasma when
                  | damaged in melee. [demonic ancestry]
 11094 | D:9      | Reached XP level 11. HP: 86/86 MP: 15/20
 11136 | D:9      | Noticed Amaemon
 11172 | D:9      | Killed Amaemon
 11542 | Lair:1   | Entered Level 1 of the Lair of Beasts
 11564 | Lair:1   | Noticed a boulder beetle
 11619 | Lair:1   | Killed a boulder beetle
 11620 | Lair:1   | Reached skill level 9 in Fighting
 11779 | Lair:1   | Noticed a five-headed hydra
 11795 | Lair:1   | Killed a five-headed hydra
 12017 | Lair:1   | Noticed a six-headed hydra
 12033 | Lair:1   | Killed a six-headed hydra
 12034 | Lair:1   | Reached skill level 10 in Fighting
 12754 | Lair:2   | Identified the +7 mace "Araywkik" {vorpal, rC++ Str-4}
 12816 | Lair:2   | Gained mutation: You have a pair of large antennae on your
                  | head. (SInv) [demonic ancestry]
 12816 | Lair:2   | Reached XP level 12. HP: 91/99 MP: 12/21
 12826 | Lair:2   | Reached skill level 11 in Fighting
 12940 | Lair:2   | Found a hole to the Spider Nest.
 12995 | Lair:2   | Identified the +1 scale mail "Diuc" {Harm Drain Int+2
                  | Dex+4}
 13192 | Lair:2   | Noticed a four-headed hydra
 13199 | Lair:2   | Killed a four-headed hydra
 13515 | Lair:3   | Noticed a death yak
 13522 | Lair:3   | Noticed a death yak
 13522 | Lair:3   | Noticed a death yak
 13523 | Lair:3   | Noticed a death yak
 13524 | Lair:3   | Noticed a death yak
 13525 | Lair:3   | Noticed a death yak
 13530 | Lair:3   | Killed a death yak
 13547 | Lair:3   | Killed a death yak
 13549 | Lair:3   | Killed a death yak
 13553 | Lair:3   | Killed a death yak
 13554 | Lair:3   | Reached skill level 12 in Fighting
 13557 | Lair:3   | Killed a death yak
 13568 | Lair:3   | Killed a death yak
 14262 | Lair:3   | Found a staircase to the Shoals.
 14518 | Lair:4   | Found a frozen archway.
 14537 | IceCv    | Entered an ice cave
 14702 | IceCv    | Noticed a death yak
 14703 | IceCv    | Noticed a death yak
 14713 | IceCv    | Killed a death yak
 14714 | IceCv    | Reached skill level 13 in Fighting
 14717 | IceCv    | Noticed a death yak
 14726 | IceCv    | Killed a death yak
 14727 | IceCv    | Gained mutation: A meltable icy envelope protects you from
                  | harm. (AC +4) [demonic ancestry]
 14727 | IceCv    | Reached XP level 13. HP: 81/111 MP: 17/22
 15353 | IceCv    | Reached skill level 14 in Fighting
 15789 | Lair:4   | Bought a cabochon ring for 160 gold pieces
 15849 | Lair:4   | Learned a level 5 spell: Lee's Rapid Deconstruction
 15858 | Lair:4   | Found a staircase to the Slime Pits.
 15858 | Lair:4   | Found a viscous altar of Jiyva.
 15958 | Lair:4   | Reached skill level 1 in Earth Magic
 16288 | Lair:4   | Identified the +1 pair of gloves of Rusoyr {Fly}
 16440 | Lair:4   | Found a shimmering blue altar of Sif Muna.
 16780 | Lair:5   | Entered Level 5 of the Lair of Beasts
 16963 | Lair:5   | Reached skill level 5 in Earth Magic
 17119 | Lair:5   | Reached XP level 14. HP: 99/120 MP: 13/25
 17476 | Lair:5   | Identified the +11 spear of Yredelemnul's Favour {vorpal,
                  | rPois SInv}
 18885 | Orc:1    | Entered Level 1 of the Orcish Mines
 19073 | D:9      | Bought the +13 fire dragon scales of the Lily {rF++ rC-
                  | rCorr Str+3 Dex+4} for 1735 gold pieces
 19704 | Orc:2    | Entered Level 2 of the Orcish Mines
 19705 | Orc:2    | Found a staircase to the Elven Halls.
 20428 | Orc:2    | Reached skill level 10 in Earth Magic
 20856 | Orc:1    | Reached XP level 15. HP: 87/126 MP: 26/28
 21312 | Orc:1    | Reached skill level 10 in Spellcasting
 21633 | Orc:2    | Found Curok's General Store.
 21634 | Orc:2    | Found Emnymij's Armour Shop.
 21639 | Orc:2    | Found Onaysuis's Assorted Antiques.
 21648 | Orc:2    | Found Owijudwe's Antique Armour Boutique.
 21931 | D:10     | Entered Level 10 of the Dungeon
 22271 | D:10     | Noticed Nergalle
 22281 | D:10     | Killed Nergalle
 23208 | D:11     | Found a runed translucent gate.
 23208 | D:11     | Found a runed translucent gate.
 23208 | D:11     | Found a runed translucent gate.
 23210 | D:11     | Noticed Henri's ghost (journeyman VSEn)
 23998 | D:11     | Killed Henri's ghost
 24014 | D:11     | Got the Almanac of the Griffon
 24176 | D:12     | Found a gate leading to a gauntlet.
 24188 | Gauntlet | Entered a Gauntlet
 24188 | Gauntlet | Found a transporter.
 24198 | Gauntlet | Found a transporter.
 24212 | Gauntlet | Found a transporter.
 24214 | Gauntlet | Found a large runed translucent door.
 24215 | Gauntlet | Found a large runed translucent door.
 24216 | Gauntlet | Found a large runed translucent door.
 24216 | Gauntlet | Found a large runed translucent door.
 24216 | Gauntlet | Found a runed translucent door.
 24217 | Gauntlet | Found a transporter.
 24218 | Gauntlet | Found a runed translucent door.
 24219 | Gauntlet | Found a large runed translucent door.
 24219 | Gauntlet | Found a large runed translucent door.
 24220 | Gauntlet | Found a large runed translucent door.
 24221 | Gauntlet | Found a large runed translucent door.
 24226 | Gauntlet | Found a large runed translucent door.
 24226 | Gauntlet | Found a large runed translucent door.
 24227 | Gauntlet | Found a large runed translucent door.
 24227 | Gauntlet | Found a large runed translucent door.
 24228 | Gauntlet | Found a large runed translucent door.
 24228 | Gauntlet | Found a large runed translucent door.
 24228 | Gauntlet | Found a large runed translucent door.
 24230 | Gauntlet | Found a runed translucent gate.
 24230 | Gauntlet | Found a runed translucent gate.
 24230 | Gauntlet | Found a runed translucent gate.
 24232 | Gauntlet | Found a transporter.
 24243 | Gauntlet | Found a large runed translucent door.
 24251 | Gauntlet | Found a transporter.
 24263 | Gauntlet | Found a transporter.
 24269 | Gauntlet | Found a transporter.
 24271 | Gauntlet | Found a transporter.
 24285 | Gauntlet | Found a transporter.
 24294 | Gauntlet | Found a transporter.
 24313 | Gauntlet | Found a transporter.
 24325 | Gauntlet | Found a transporter.
 24331 | Gauntlet | Found a transporter.
 24331 | Gauntlet | Found a transporter.
 24372 | Gauntlet | Found a transporter.
 24397 | Gauntlet | Found a transporter.
 24399 | Gauntlet | Found a transporter.
 24881 | Gauntlet | Identified the +5 lajatang "Xiaces" {freeze, rN+ Will++
                  | rCorr Int-4}
 24881 | Gauntlet | Identified the ring of Vanity {rElec MP+9 Int+6}
 24931 | Gauntlet | Identified the +4 hand axe "Suush" {vamp, rF- rCorr Int+4}
 25156 | D:12     | Found a transporter.
 25159 | D:12     | Noticed Neel Ube's ghost (journeyman FoFi)
 25160 | D:12     | Found a transporter.
 25929 | D:13     | Found a runed translucent gate.
 25929 | D:13     | Found a runed translucent gate.
 25929 | D:13     | Found a runed translucent gate.
 26076 | D:13     | Found a gate to the Vaults.
 26363 | D:13     | Reached skill level 1 in Necromancy
 26562 | D:13     | Got the Guide on the Vexing Traveller
 26678 | D:13     | Reached skill level 1 in Hexes
 26737 | D:13     | Noticed auqlue's ghost (journeyman MiBe)
 27521 | D:12     | Bought the Spellbook of Translocated Necromancy for 468
                  | gold pieces
 27633 | D:14     | Reached skill level 10 in Armour
 29379 | D:14     | Found a runed translucent gate.
 29380 | D:14     | Found a runed translucent gate.
 29380 | D:14     | Found a runed translucent gate.
 29380 | D:14     | Noticed lis82's ghost (journeyman DgHW)
 29381 | D:14     | Found an ancient bone altar of Kikubaaqudgha.
 29381 | D:14     | Noticed a lich
 29381 | D:14     | Noticed a lich
 29381 | D:14     | Noticed a lich
 29381 | D:14     | Noticed a lich
 29787 | D:15     | Entered Level 15 of the Dungeon
 29809 | D:15     | Reached XP level 16. HP: 116/133 MP: 30/30
 30119 | D:15     | Found a hide-covered altar of Uskayaw.
 30156 | D:15     | Noticed Rupert
 30162 | D:15     | Killed Rupert
 30589 | D:15     | Reached skill level 5 in Necromancy
 31091 | D:15     | Reached skill level 5 in Hexes
 31174 | D:15     | Found a staircase to the Depths.
 31450 | Spider:1 | Entered Level 1 of the Spider Nest
 32198 | Lair:2   | HP: 5/133 [poisoned by a redback]
 32199 | Lair:2   | HP: 1/133 [poisoned by a redback]
 32200 | Lair:2   | Succumbed to a redback's poison

Illustrated notes

Levels and vault maps discovered:
D:1:      minmay_arrival_open_corners, layout_loops_cross,
          shapermc_ecumenical_altar_notcrosses, st_stairs_7,
          chequers_serial_rivers_small_b, hangedman_decor_points,
          amcnicky_mini_pool_small, minmay_rat_gold_closets
D:2:      layout_basic, basic_altar, hangedman_decor_lopped
D:3:      lemuel_castle_with_subvaults [lemuel_castle_interior_carwin_3],
          layout_loops_cross, ebering_ghost_disaster_area
D:4:      layout_basic, minmay_temple_entry_ruins
D:5:      layout_basic
D:6:      layout_layer_cave, nicolae_sif_muna_condensation,
          mainiacjoe_overflow_tiny_flanked
D:7:      layout_layer_cave, nicolae_qazlal_general_emergency,
          corexii_hall_statues_s
D:8:      layout_loops_ring, enter_bailey_5, uniq_maurice, uniq_psyche
D:9:      layout_long_grid, lair_entry_dummy,
          kennysheep_orc_monster_closet_entryway, uniq_pikel, uniq_erica,
          uniq_amaemon
D:10:     layout_roguey, uniq_nergalle
D:11:     minmay_the_grid_3x2 [minmay_the_grid_zigzag_pyramid,
          minmay_the_grid_empty, minmay_the_grid_spin_star, minmay_the_grid_x,
          minmay_the_grid_spikes, minmay_the_grid_prize_big_room],
          layout_loops_ring, gammafunk_ghost_nasty_kobolds
D:12:     layout_cave_pods, gammafunk_ghost_mausoleum, gauntlet_entry_generic
D:13:     dreamdust_isle_of_ice, layout_basic, david_vaults_5,
          maelrawn_ghost_gauntlet_escape, serial_bayou_ford_a,
          kennysheep_kite_vault
D:14:     layout_basic, gammafunk_ghost_crypt, serial_bayou_pond_e
D:15:     gammafunk_enter_depths_forms, layout_loops_ring, dk_noncrumbling_4,
          nicolae_uskayaw_suspiria, uniq_rupert
Temple:   hellmonk_temple_of_storms
Lair:1:   layout_gridlike
Lair:2:   layout_small_grid, nicolae_spider_entry_non_spiders,
          grunt_megastairs_1
Lair:3:   layout_regular_city, minmay_shoals_entry_hut, dpeg_oklob_1,
          grunt_megastairs_2, infiniplex_staircase_pool_2
Lair:4:   layout_gridlike, slime_entry_1, basic_altar,
          portal_ice_cave_entry_imps
Lair:5:   due_jungle_book, layout_regular_city, lemuel_fruit_tree,
          grunt_megastairs_3
Spider:1: layout_spider_delve
Orc:1:    layout_diamond_mine, nicolae_orc_bridge_out
Orc:2:    st_orc_open, layout_caves, nicolae_orc_crystal_geode

Skill      XL: |  1  2  3  4  5  6  7  8  9 10 11 12 13 14 15 16 |
---------------+-------------------------------------------------+-----
Ice Magic      | 4 5 6 7 9 |  9.2
Spellcasting   | 3 4 5 6 7 9 10 | 10.9
Fighting       | 2 5 8 10 13 14 | 14.2
Shields        | 2 4 5 |  5.2
Dodging        | 2 3 5 7 8 9 |  9.5
Armour         | 1 3 5 6 8 9 10 | 10.6
Earth Magic    | 5 10 12 | 12.6
Necromancy     | 3 6 |  6.5
Hexes          | 2 5 |  5.7
Stealth        | |  1.7

Action                   |  1- 3 |  4- 6 |  7- 9 | 10-12 | 13-15 | 16-18 || total
-------------------------+-------+-------+-------+-------+-------+-------++-------
Melee: Dagger            |    36 |       |   179 |   136 |    39 |       ||   390
       Unarmed           |     2 |       |       |       |       |       ||     2
       Spear             |       |   143 |       |       |       |       ||   143
       Punch             |       |     1 |       |       |       |       ||     1
       Trident           |       |    68 |   107 |   316 |  1550 |   190 ||  2231
 Cast: Freeze            |    48 |    49 |    14 |       |       |       ||   111
       Ozocubu's Armour  |     1 |    13 |    40 |    37 |    46 |     3 ||   140
       Frozen Ramparts   |     1 |    18 |    41 |    49 |   118 |    11 ||   238
       Lee's Rapid Decon |       |       |       |       |     8 |    25 ||    33
Invok: Call Merchant     |       |       |       |     2 |     3 |       ||     5
       Potion Petition   |       |       |       |       |       |     3 ||     3
Evoke: Wand              |       |       |       |     8 |     1 |       ||     9
  Use: Potion            |     1 |       |     1 |       |     9 |       ||    11
       Scroll            |       |       |     6 |    19 |     7 |     5 ||    37
 Stab: Sleeping          |     7 |    11 |     7 |     3 |     6 |       ||    34
       Distracted        |       |       |       |     5 |    14 |       ||    19
       Invisible         |       |       |       |       |     2 |       ||     2
Armor: Robe              |    13 |    49 |    52 |    89 |   129 |       ||   332
       Fire dragon scale |       |       |       |       |   410 |   120 ||   530
Dodge: Dodged            |    41 |   142 |   146 |   234 |  1082 |   176 ||  1821
       Repelled          |       |       |       |    11 |     9 |       ||    20
Block: Other             |    16 |    79 |    56 |       |       |       ||   151
       Reflection        |       |     1 |     3 |    11 |    42 |    16 ||    73
       Kite shield       |       |       |   171 |   484 |  1984 |       ||  2639
       Buckler           |       |       |     4 |       |    78 |   231 ||   313
